 Dungeon Crawl Stone Soup version 0.19.5 (webtiles) character file.

59943 Jerry the Fencer (level 14, -6/132 HPs)
             Began as a Minotaur Fighter on Apr 3, 2017.
             Was a High Priest of Okawaru.
             Mangled by a tyrant leech (17 damage)
             ... on level 2 of the Swamp.
             The game lasted 01:06:54 (20548 turns).

Jerry the Fencer (Minotaur Fighter)                Turns: 20548, Time: 01:06:55

Health: -6/132     AC: 26    Str: 19 (20) XL:     14   Next: 55%
Magic:  25/28      EV: 16    Int:  8 (9)  God:    Okawaru [*****.]
Gold:   1179       SH:  3    Dex:  8      Spells: 0 memorised, 13 levels left

rFire  . . .     SeeInvis .     Z - +8 scimitar "Baruruos" {drain, -Tele +Fly rC+++ Dex-4}
rCold  + + +     Gourm    .     j - +0 swamp dragon scales
rNeg   + . .     Faith    .     (no shield)
rPois  +         Spirit   .     I - +2 hat
rElec  .         Reflect  +     x - +1 cloak
rCorr  .         Harm     .     h - +0 pair of gloves
MR     +....     NoTele   +     d - +2 pair of boots
Stlth  +.........               V - +3 amulet of reflection
                                G - +1 ring of evasion
                                M - ring of Ojasic {rN+ MP+9 Stlth-}

@: heroism, finesse, flying, very slightly contaminated, hasted, very quick
A: retaliatory headbutt, horns 2, molten scales 1, clever 1, deterioration 1,
weak 1, sturdy frame 1
a: Heroism, Finesse, Renounce Religion, Stop Flying


You were on level 2 of the Swamp.
You worshipped Okawaru.
Okawaru was extremely pleased with you.
You were hungry.

You visited 4 branches of the dungeon, and saw 20 of its levels.

You collected 1179 gold pieces.

Inventory:

Hand Weapons
 O - a +2 double sword of holy wrath
 P - the +5 triple sword of Iroegai {vamp, rC+ rN+ Dex-4 SInv}
   (Okawaru gifted it to you on level 2 of the Swamp)

   It inflicts no extra harm, but heals its wielder when it wounds a living foe.
   It affects your dexterity (-4).
   It protects you from cold.
   It protects you from negative energy.
   It lets you see invisible.
 W - a +4 scimitar of flaming
 Z - the +8 scimitar "Baruruos" (weapon) {drain, -Tele +Fly rC+++ Dex-4}
   (Okawaru gifted it to you on level 6 of the Lair of Beasts)

   A truly terrible weapon, it drains the life of those it strikes.
   It affects your dexterity (-4).
   It renders you almost immune to cold.
   It lets you fly.
   It prevents most forms of teleportation.
Missiles
 y - 2 throwing nets (quivered)
Armour
 d - a +2 pair of boots (worn)
 h - a +0 pair of gloves (worn)
 j - +0 swamp dragon scales (worn)
 x - a +1 cloak (worn)
 I - a +2 hat (worn)
 U - the +2 plate armour "Jeumoq" {rF+ Int+3}
   (Okawaru gifted it to you on level 1 of the Lair of Beasts)

   It affects your intelligence (+3).
   It protects you from fire.
Jewellery
 a - an uncursed ring of protection from fire
 G - a +1 ring of evasion (right hand)
 M - the ring of Ojasic (left hand) {rN+ MP+9 Stlth-}
   (You found it on level 8 of the Dungeon)

   [ring of loudness]

   It protects you from negative energy.
   It affects your magic capacity (+9).
   It makes you less stealthy.
 V - a +3 amulet of reflection (around neck)
Wands
 b - a wand of digging (15/24)
 k - a wand of enslavement (14/24)
 r - a wand of lightning (7/15)
 L - a wand of confusion (3/48)
Scrolls
 c - 7 scrolls of remove curse
 e - 2 scrolls of magic mapping
 m - 2 scrolls of identify
 n - 4 scrolls of teleportation
 p - 5 scrolls of recharging
 q - 6 scrolls of blinking
 t - a scroll of enchant armour
 B - 6 scrolls of enchant weapon
 J - a scroll of fog
 K - 3 scrolls of amnesia
Potions
 l - 4 potions of flight
 s - 5 potions of curing
 u - 5 potions of agility
 v - a potion of magic
 z - 4 potions of brilliance
 A - 4 potions of haste
 C - 3 potions of lignification
 D - 3 potions of resistance
 H - a potion of cure mutation
 N - a potion of invisibility
 R - 10 potions of degeneration
 S - 2 potions of ambrosia
 Y - 2 potions of berserk rage
Books
 o - a book of Frost

   Spells                             Type                      Level
   a - Freeze                         Ice                          1
   b - Throw Frost                    Conjuration/Ice              2
   c - Ozocubu's Armour               Charms/Ice                   3
   d - Throw Icicle                   Conjuration/Ice              4
   e - Summon Ice Beast               Ice/Summoning                4
Comestibles
 f - 11 bread rations
 g - 2 slices of pizza
 i - a chunk of flesh
 w - 10 fruits
 F - 6 meat rations


   Skills:
 + Level 14.2(19.2) Fighting
 + Level 18.7(23.7) Long Blades
 + Level 14.8(19.8) Armour
 + Level 5.3(10.3) Dodging
   Level 3.7(8.7) Shields
 - Level 8.3 Invocations


You had 13 spell levels left.
You didn't know any spells.

Dungeon Overview and Level Annotations

Branches:
Dungeon (10/15)            Temple (1/1) D:4            Lair (6/6) D:9
  Swamp (3/4) Lair:3       Spider (0/4) Lair:3          Orc (0/2) D:9
  Slime: Lair:5-6

Altars:
Ashenzari
Cheibriados
Dithmenos
Elyvilon
Fedhas
Gozag
Hepliaklqana
Kikubaaqudgha
Makhleb
Nemelex Xobeh
Okawaru
Qazlal
Ru
Sif Muna
Trog
Uskayaw
Vehumet
Xom
Yredelemnul
Zin
The Shining One

Shops:
D:6 =   D:9 *

Portals:
Trove: D:10 (give 6 scrolls of blinking)

Annotations:
Lair:2 Sonja


Innate Abilities, Weirdness & Mutations

You reflexively headbutt those who attack you in melee.
You have a pair of horns on your head.
You are partially covered in molten scales. (AC +2)
Your mind is acute. (Int +2)
Your body sometimes deteriorates upon taking damage.
You are weak. (Str -2)
Your movements are slightly less encumbered by armour. (ER -2)


Message History

Zapping:
L - a wand of confusion {zapped: 1} (will waste charges)
Press: ? - help, Shift-Dir - straight line, f - tyrant leech
Aim: a tyrant leech (chance to defeat MR: 28%)
The tyrant leech easily resists.
Evoking this partially-identified wand wasted a few charges.
The tyrant leech bites you but does no damage.
Evoke which item? (* to show all) (? for menu, Esc to quit)
Zapping:
L - a wand of confusion {zapped: 3} (will waste charges)
Press: ? - help, Shift-Dir - straight line, f/p - tyrant leech
Aim: a tyrant leech (chance to defeat MR: 28%)
The tyrant leech easily resists.
Evoking this partially-identified wand wasted a few charges.
Evoke which item? (* to show all) (? for menu, Esc to quit)
Zapping:
L - a wand of confusion {zapped: 6} (will waste charges)
Press: ? - help, Shift-Dir - straight line, f/p - tyrant leech
Aim: a tyrant leech (chance to defeat MR: 28%)
The tyrant leech easily resists.
Evoking this partially-identified wand wasted a few charges.
The tyrant leech bites you!
You die...

♣≈...♣♣♣♣ ♣.≈≈≈≈≈
♣♣♣≈≈≈.≈♣♣♣♣♣≈≈≈≈≈§
♣♣.≈≈≈≈...≈≈≈≈≈≈≈ ♣♣♣♣♣
♣.≈≈≈≈♣..≈≈≈≈.≈≈
♣...♣♣♣♣≈.≈>≈♣♣♣.≈≈<.≈≈
♣♣≈.♣♣≈♣♣...♣♣ ♣≈....≈≈
♣♣≈♣♣≈..≈§≈≈.♣ ♣♣....≈≈
♣≈♣≈≈)...≈≈≈.♣ ♣≈♣♣♣..≈
♣♣♣♣≈.@≈≈≈≈<.♣ ♣♣♣ ♣♣.≈
♣♣≈♣..w♣..≈♣♣ ♣).
♣≈.).≈.≈≈..≈♣ ♣♣≈
♣§.≈♣..≈♣♣..♣ ♣♣
♣♣♣♣♣♣♣♣♣♣♣♣♣


You could see a tyrant leech.

Vanquished Creatures
  Gastronok (D:8)
  3 thorn hunters
  The ghost of Jerry the Fencer, a journeyman MiFi of Okawaru (Lair:4)
  11 hydras
  A ghost crab (Swamp:2)
  A catoblepas (Lair:5)
  Erica (Lair:1)
  4 alligators (Swamp:1)
  3 death yaks (Lair:2)
  4 swamp dragons (Swamp:1)
  2 spriggan druids (Swamp:3)
  2 shambling mangroves (Swamp:2)
  2 hill giants (D:10)
  A deep elf mage (D:9)
  An oklob plant (Lair:3)
  10 elephants
  2 black mambas
  9 spiny frogs
  7 komodo dragons
  2 polar bears
  A troll (D:10)
  2 hornets (Swamp:2)
  4 tyrant leeches
  A two-headed ogre (D:8)
  11 blink frogs
  8 hippogriffs
  5 slime creatures (Swamp:3)
  8 bog bodies
  6 dream sheep
  A shadow (Swamp:1)
  2 redbacks (Lair:6)
  2 spriggans
  2 basilisks
  14 yaks
  2 wyverns
  15 vampire mosquitoes
  11 swamp worms
  3 insubstantial wisps
  6 water moccasins
  Duvessa (D:7)
  4 orc warriors
  6 porcupines
  4 black bears
  5 swamp drakes
  7 ogres
  4 sky beasts
  2 ice beasts
  A phantom (D:9)
  13 wolves
  4 centaurs
  7 crocodiles
  3 big kobolds
  12 bullfrogs
  Dowan (D:7)
  A scorpion (D:6)
  6 howler monkeys
  7 wights
  3 electric eels
  2 crimson imps
  2 centaur zombies (D:5)
  7 hounds
  3 jellies
  A bullfrog skeleton (D:5)
  A centaur skeleton (D:7)
  9 orc priests
  An iguana (D:7)
  14 orc wizards
  3 worker ants (D:9)
  A hound zombie (D:9)
  A hound skeleton (D:8)
  A worker ant zombie (D:6)
  8 gnolls
  17 adders
  3 shadow imps
  An ooze (D:4)
  An adder skeleton (D:7)
  An adder zombie (D:9)
  3 worms
  9 leopard geckos
  48 orcs
  8 giant cockroaches
  6 goblins
  3 hobgoblins
  11 jackals
  5 quokkas
  7 bats
  5 frilled lizards
  A jackal zombie (D:8)
  21 kobolds
  A quokka skeleton (D:5)
  16 rats
  A briar patch (Swamp:2)
  2 plants
487 creatures vanquished.

Vanquished Creatures (others)
  A swamp worm (Swamp:1)
  6 fungi
  6 plants
13 creatures vanquished.

Grand Total: 500 creatures vanquished

Notes
Turn   | Place    | Note
-------+----------+-------------------------------------------
     0 | D:1      | Jerry the Minotaur Fighter began the quest for the Orb.
     0 | D:1      | Reached XP level 1. HP: 19/19 MP: 0/0
   145 | D:1      | Reached XP level 2. HP: 27/27 MP: 1/1
   161 | D:1      | Reached skill level 3 in Long Blades
   694 | D:2      | Reached XP level 3. HP: 25/33 MP: 2/2
  1002 | D:2      | Reached skill level 4 in Long Blades
  1004 | D:2      | Reached XP level 4. HP: 29/40 MP: 3/3
  1481 | D:2      | Found a white marble altar of Elyvilon.
  1837 | D:3      | Reached XP level 5. HP: 42/47 MP: 4/4
  1903 | D:3      | Reached skill level 5 in Armour
  2096 | D:3      | Reached skill level 5 in Long Blades
  2684 | D:4      | Found a staircase to the Ecumenical Temple.
  2756 | Temple   | Entered the Ecumenical Temple
  2818 | Temple   | Became a worshipper of Warmaster Okawaru
  2921 | D:4      | Reached XP level 6. HP: 48/55 MP: 5/5
  2959 | D:4      | Reached skill level 5 in Fighting
  3242 | D:4      | You fall through a shaft for 3 floors!
  3288 | D:7      | Noticed a sky beast
  3321 | D:7      | Killed a sky beast
  3321 | D:7      | Reached skill level 6 in Long Blades
  3496 | D:7      | Reached * piety under Okawaru
  3674 | D:7      | Noticed Duvessa
  3681 | D:7      | Killed Duvessa
  3681 | D:7      | Reached skill level 7 in Long Blades
  3681 | D:7      | Reached XP level 7. HP: 50/62 MP: 6/6
  3685 | D:7      | Noticed Dowan
  3701 | D:7      | Killed Dowan
  4155 | D:6      | Found Doipn's Jewellery Emporium.
  4203 | D:6      | Reached skill level 8 in Long Blades
  4253 | D:5      | Entered Level 5 of the Dungeon
  4260 | D:5      | Found a sparkling altar of Nemelex Xobeh.
  4684 | D:4      | Reached ** piety under Okawaru
  4737 | D:4      | Reached XP level 8. HP: 71/71 MP: 7/7
  5102 | D:5      | Reached skill level 1 in Invocations
  5262 | D:5      | Found a snail-covered altar of Cheibriados.
  5412 | D:5      | Reached skill level 9 in Long Blades
  5603 | D:6      | Gained mutation: You are weak. (Str -2) [mutagenic meat]
  5604 | D:6      | Gained mutation: You are agile. (Dex +2) [mutagenic meat]
  5605 | D:6      | Gained mutation: Your movements are slightly less encumbered by armour. (ER -2) [mutagenic meat]
  5606 | D:6      | Lost mutation: You are agile. (Dex +2) [mutagenic meat]
  5891 | D:6      | Reached *** piety under Okawaru
  6114 | D:7      | Found a shattered altar of Ashenzari.
  6319 | D:7      | Reached skill level 10 in Long Blades
  6319 | D:7      | Reached XP level 9. HP: 79/79 MP: 10/10
  6814 | D:8      | Got an ancient iron ring
  6817 | D:8      | Identified the ring of Ojasic {rN+ MP+9 Stlth-} (You found it on level 8 of the Dungeon)
  6848 | D:8      | Noticed Gastronok
  6871 | D:8      | Killed Gastronok
  6871 | D:8      | Reached **** piety under Okawaru
  6871 | D:8      | Reached ***** piety under Okawaru
  6871 | D:8      | Reached skill level 11 in Long Blades
  6871 | D:8      | Reached XP level 10. HP: 72/90 MP: 12/12
  7317 | D:8      | Reached skill level 5 in Invocations
  7678 | D:9      | Received a gift from Okawaru
  7757 | D:9      | Noticed a spiny frog
  7884 | D:9      | Killed a spiny frog
  7884 | D:9      | Reached skill level 12 in Long Blades
  8015 | D:9      | Found a staircase to the Lair.
  8190 | D:9      | Noticed a deep elf mage
  8192 | D:9      | Found Jano's Demolitions Depot.
  8196 | D:9      | Killed a deep elf mage
  8564 | D:9      | Found a staircase to the Orcish Mines.
  8587 | D:9      | Reached skill level 10 in Armour
  8911 | D:10     | Entered Level 10 of the Dungeon
  8975 | D:10     | Noticed a hill giant
  8987 | D:10     | Killed a hill giant
  8989 | D:10     | Reached skill level 13 in Long Blades
  9085 | D:10     | Received a gift from Okawaru
  9161 | D:10     | Reached XP level 11. HP: 99/99 MP: 14/14
  9276 | D:10     | Found a portal to a secret trove of treasure.
  9290 | D:10     | Noticed a hill giant
  9301 | D:10     | Killed a hill giant
  9301 | D:10     | Reached skill level 10 in Fighting
  9784 | Lair:1   | Entered Level 1 of the Lair of Beasts
  9964 | Lair:1   | Noticed Erica
  9971 | Lair:1   | Killed Erica
  9973 | Lair:1   | Received a gift from Okawaru
  9982 | Lair:1   | Got a dazzling plate armour {god gift}
  9993 | Lair:1   | Identified the +2 plate armour "Jeumoq" {rF+ Int+3} (Okawaru gifted it to you on level 1 of the Lair of Beasts)
 10471 | Lair:1   | Reached skill level 14 in Long Blades
 10873 | Lair:2   | Noticed a death yak
 10890 | Lair:2   | Noticed a death yak
 10890 | Lair:2   | Killed a death yak
 10901 | Lair:2   | Killed a death yak
 10932 | Lair:2   | Noticed a death yak
 10944 | Lair:2   | Killed a death yak
 10944 | Lair:2   | Reached XP level 12. HP: 100/110 MP: 16/16
 11156 | Lair:2   | Noticed Sonja
 12001 | Lair:3   | Found a hole to the Spider Nest.
 12076 | Lair:3   | Reached skill level 15 in Long Blades
 12125 | Lair:3   | Found a staircase to the Swamp.
 12211 | Lair:3   | Found a burning altar of Makhleb.
 12792 | Lair:4   | Got a bloodstained falchion
 12793 | Lair:4   | Identified the cursed +2 falchion of the Endless March {flame, *Rage Int+4} (You found it on level 4 of the Lair of Beasts)
 12809 | Lair:4   | Noticed Jerry's ghost (journeyman MiFi)
 12838 | Lair:4   | Killed Jerry's ghost
 13041 | Lair:4   | Noticed a six-headed hydra
 13048 | Lair:4   | Killed a three-headed hydra
 13048 | Lair:4   | Reached ****** piety under Okawaru
 13048 | Lair:4   | Received a gift from Okawaru
 13611 | Lair:5   | Noticed a catoblepas
 13626 | Lair:5   | Killed a catoblepas
 13626 | Lair:5   | Reached skill level 16 in Long Blades
 14816 | Lair:6   | Entered Level 6 of the Lair of Beasts
 14825 | Lair:5   | Received a gift from Okawaru
 14831 | Lair:5   | Reached XP level 13. HP: 63/119 MP: 18/18
 15703 | Lair:6   | Reached skill level 17 in Long Blades
 16314 | Lair:6   | Received a gift from Okawaru
 16330 | Lair:6   | Got a bloodstained scimitar {god gift}
 16331 | Lair:6   | Identified the +8 scimitar "Baruruos" {drain, -Tele +Fly rC+++ Dex-4} (Okawaru gifted it to you on level 6 of the Lair of Beasts)
 16464 | Lair:3   | Gained mutation: Your body sometimes deteriorates upon taking damage. [potion of mutation]
 16464 | Lair:3   | Gained mutation: Your mind is acute. (Int +2) [potion of mutation]
 16464 | Lair:3   | Gained mutation: You are partially covered in molten scales. (AC +2) [potion of mutation]
 16482 | Swamp:1  | Entered Level 1 of the Swamp
 16670 | Swamp:1  | Reached skill level 18 in Long Blades
 17134 | Swamp:1  | Reached skill level 1 in Dodging
 18175 | Swamp:2  | Received a gift from Okawaru
 18176 | Swamp:2  | Got a twisted triple sword {god gift}
 18177 | Swamp:2  | Identified the +5 triple sword of Iroegai {vamp, rC+ rN+ Dex-4 SInv} (Okawaru gifted it to you on level 2 of the Swamp)
 18393 | Swamp:1  | Reached XP level 14. HP: 51/129 MP: 19/19
 18727 | Swamp:2  | Noticed a thorn hunter
 18749 | Swamp:2  | Killed a thorn hunter
 19966 | Swamp:3  | Received a gift from Okawaru
 20239 | Swamp:3  | Noticed a thorn hunter
 20343 | Swamp:3  | Killed a thorn hunter
 20404 | Swamp:3  | Reached skill level 5 in Dodging
 20503 | Swamp:3  | Noticed a thorn hunter
 20509 | Swamp:3  | Noticed a tentacled monstrosity
 20521 | Swamp:3  | Killed a thorn hunter
 20548 | Swamp:2  | Mangled by a tyrant leech

Skill      XL: |  1  2  3  4  5  6  7  8  9 10 11 12 13 14 |
---------------+-------------------------------------------+-----
Long Blades    | 3 4 5 7 8 10 11 13 14 16 18 | 18.7
Armour         | 4 5 6 7 8 10 11 12 14 | 14.8
Fighting       | 4 5 6 7 8 9 11 12 13 14 | 14.2
Invocations    | 3 4 6 7 8 |  8.3
Dodging        | 2 5 |  5.3
Shields        | |  3.7

Action                   |  1- 3 |  4- 6 |  7- 9 | 10-12 | 13-15 || total
-------------------------+-------+-------+-------+-------+-------++-------
Melee: Long sword        |    62 |   145 |    22 |       |       ||   229
       Headbutt          |     8 |    23 |    81 |   131 |   125 ||   368
       Dagger            |       |    47 |   228 |       |       ||   275
       Scimitar          |       |       |    51 |   599 |   513 ||  1163
       Punch             |       |       |     1 |     4 |     3 ||     8
       Double sword      |       |       |       |    21 |       ||    21
Invok: Heroism           |       |       |     2 |    13 |    14 ||    29
       Finesse           |       |       |       |     3 |     6 ||     9
 Abil: Evoke Flight      |       |       |       |       |     4 ||     4
Evoke: Wand              |       |       |       |       |     3 ||     3
  Use: Scroll            |       |       |    24 |     8 |     9 ||    41
       Potion            |       |       |     2 |       |    11 ||    13
 Stab: Petrified         |       |       |       |     4 |       ||     4
  Eat: Chunk             |       |     9 |    14 |    24 |    11 ||    58
       Royal jelly       |       |       |       |     1 |       ||     1
       Beef jerky        |       |       |       |       |     4 ||     4
       Pizza             |       |       |       |       |     1 ||     1
Armor: Scale mail        |    31 |    93 |   150 |    75 |       ||   349
       Plate armour      |       |       |       |   238 |   197 ||   435
       Swamp dragon scal |       |       |       |       |   133 ||   133
Dodge: Dodged            |    24 |    95 |   109 |   248 |   258 ||   734
Block: Shield            |     1 |       |       |       |       ||     1
       Other             |       |       |       |    13 |    56 ||    69
       Rpst.: Long sword |     6 |    17 |     2 |       |       ||    25
       Scimitar          |       |       |     4 |    63 |    48 ||   115
